 Dungeon Crawl Stone Soup version 0.17-a0-81-g781747f (webtiles) character file.

203 Ngotmuk the Skirmisher (level 6, 0/48 HPs)
             Began as a Human Fighter on Mar 15, 2015.
             Slain by Ngotmuk's ghost (11 damage)
             ... on level 3 of the Dungeon.
             The game lasted 00:10:16 (2317 turns).

Ngotmuk the Skirmisher (Human Fighter)              Turns: 2317, Time: 00:10:16

Health: 0/48       AC:  5    Str: 19    XL:     6   Next: 8%
Magic:  6/6        EV:  9    Int:  8    God:
Gold:   142        SH:  9    Dex: 12    Spells: 0 memorised, 5 levels left

rFire  + . .     SeeInvis .     a - +0 flail
rCold  . . .     Clarity  .     r - +0 ring mail {rF+}
rNeg   . . .     SustAb   .     c - +0 shield
rPois  .         Gourm    .     (no helmet)
rElec  .         Spirit   .     (no cloak)
rCorr  .         Warding  .     (no gloves)
rMut   .         Stasis   .     (no boots)
MR     .....                    (no amulet)
Stlth  +.........               (no ring)
                                (no ring)

@: not resistant to hostile enchantments, very unstealthy
A: no striking features
a: no special abilities


You were on level 3 of the Dungeon.
You were not hungry.

You visited 1 branch of the dungeon, and saw 4 of its levels.

You collected 142 gold pieces.

Inventory:

Hand weapons
 a - a +0 flail (weapon)
Armour
 c - a +0 shield (worn)
 r - a +0 ring mail of fire resistance (worn)
Scrolls
 f - 2 scrolls of remove curse {unknown}
 g - 4 scrolls of identify {unknown}
 j - a scroll of immolation {unknown}
 l - a scroll of recharging {unknown}
 n - a scroll of magic mapping {unknown}
 o - a scroll of fog {unknown}
 s - a scroll of amnesia {unknown}
 t - a scroll of blinking {unknown}
Potions
 b - a potion of heal wounds {unknown}
 e - a potion of might
 k - 2 potions of lignification {unknown}
 m - 2 potions of curing {unknown}
 p - a potion of mutation {unknown}
 q - 2 potions of haste {unknown}
Comestibles
 d - 3 bread rations
 h - a beef jerky
 i - 2 meat rations


   Skills:
 + Level 3.9 Fighting
 + Level 3.3 Maces & Flails
 + Level 3.8 Armour
 + Level 2.2 Dodging
 + Level 3.5 Shields


You had 5 spell levels left.
You didn't know any spells.

Dungeon Overview and Level Annotations

Branches:
Dungeon (4/15)
 Temple: D:4-7

Altars:
Dithmenos
Nemelex Xobeh
Ru
Trog

Annotations:
D:3 Ngotmuk's ghost, average HuFi


Message History

You block Ngotmuk's ghost's attack.
You hit Ngotmuk's ghost but do no damage.
Ngotmuk's ghost hits you!
You closely miss Ngotmuk's ghost.
Ngotmuk's ghost hits you but does no damage.
Ngotmuk's ghost hits you!
You barely miss Ngotmuk's ghost. You block Ngotmuk's ghost's attack.
You hit Ngotmuk's ghost.
Ngotmuk's ghost is lightly damaged.
Ngotmuk's ghost says, "Are you willing to die fighting?
I was!"
Ngotmuk's ghost closely misses you.
You hit Ngotmuk's ghost but do no damage.
Ngotmuk's ghost is lightly damaged.
Ngotmuk's ghost hits you. You block Ngotmuk's ghost's attack.
You barely miss Ngotmuk's ghost.
Ngotmuk's ghost is lightly damaged.
Ngotmuk's ghost hits you!
* * * LOW HITPOINT WARNING * * *
Ngotmuk's ghost hits you!
You die...

............ ....
#.....?.. #.... ##
######....# ......# #.
#.........# # .......####.
#.........#.# .......#....
#.........#.#.............
#.........................
#........W#.#.............
#........@..'.............
#.........#.#.........###.
##.....<.......#......# #.
#.........#.........####.
#.........#.......†......
#.........#.....###......
#.........#.......)......
#.........#.........##...
#.........#.........# ###


You could see Ngotmuk's ghost.

Vanquished Creatures
  Sigmund (D:2)
  6 adders
  A worm (D:2)
  2 giant geckos (D:2)
  An ooze (D:1)
  An orc (D:3)
  2 ball pythons
  8 bats
  A bat zombie (D:3)
  A giant cockroach (D:3)
  6 goblins
  9 hobgoblins
  5 jackals
  2 giant newts
  10 kobolds
  3 quokkas
  5 rats
64 creatures vanquished.

Notes
Turn   | Place    | Note
--------------------------------------------------------------
     0 | D:1      | Ngotmuk, the Human Fighter, began the quest for the Orb.
     0 | D:1      | Reached XP level 1. HP: 18/18 MP: 1/1
   103 | D:1      | Reached XP level 2. HP: 17/24 MP: 2/2
   273 | D:1      | Reached XP level 3. HP: 14/29 MP: 3/3
   576 | D:1      | Reached skill level 1 in Dodging
   868 | D:2      | Found a shadowy altar of Dithmenos.
   868 | D:2      | Noticed Sigmund
   876 | D:2      | Killed Sigmund
   876 | D:2      | Reached XP level 4. HP: 32/36 MP: 4/4
   876 | D:2      | Reached XP level 5. HP: 36/41 MP: 5/5
  1351 | D:2      | Found a bloodstained altar of Trog.
  1355 | D:2      | Found a sparkling altar of Nemelex Xobeh.
  1603 | D:2      | Found a shadowy altar of Dithmenos.
  1810 | D:3      | Reached XP level 6. HP: 46/48 MP: 6/6
  1833 | D:3      | Found a sacrificial altar of Ru.
  2006 | D:3      | Noticed Ngotmuk's ghost (average HuFi)
  2317 | D:3      | Slain by Ngotmuk's ghost

Action                   |  1- 3 |  4- 6 || total
-------------------------+-------+-------++-------
Melee: Flail             |    96 |   110 ||   206
  Eat: Meat ration       |       |     1 ||     1
